Map: Eastwatch LE

Players

PandaBearMe

  • Race: Zerg Zerg
  • Spawn Location: 7:00

SpeCial - Winner!

  • Race: Terran Terran
  • Spawn Location: 1:00

Event: IEM Season 12 - PyeongChang

VOD

Have the link to the VOD?

Description

Time

  • Played on: Feb. 4, 2018, 9:19 p.m.
  • Length: 17:18

All games in this series

Show
View Real Time Build Order
Export as new Build Order

PandaBearMe Zerg 

Build Orders: Hatch First 

Get SALT Encoding   

  12  0:02  Drone  
  13  0:12  Overlord  
  13  0:17  Drone  
  14  0:30  Drone x2  
  16  0:48  Hatchery  
  15  0:52  Drone  
  15  0:55  Drone  
  17  0:59  Drone  
  17  1:02  Extractor  
  17  1:13  Spawning Pool  
  17  1:17  Drone  
  17  1:20  Drone  
  18  1:28  Drone  
  19  1:40  Drone  
  20  1:49  Overlord  
  20  2:00  Queen x2  
  24  2:02  Metabolic Boost  
  24  2:07  Zergling x2  
  24  2:08  Zergling x2  
  26  2:12  Drone  
  26  2:15  Drone  
  28  2:28  Drone  
  28  2:29  Drone  
  30  2:41  Hatchery  
  29  2:49  Queen  
  29  2:50  Overlord  
  31  2:53  Drone  
  31  2:57  Drone  
  31  2:58  Drone  
  34  3:01  Drone  
  34  3:02  Drone  
  36  3:14  Overlord  
  36  3:15  Drone x2  
  36  3:19  Drone x3  
  41  3:23  Drone  
  42  3:28  Overlord  
  42  3:32  Drone  
  43  3:37  Queen  
  43  3:39  Queen  
  47  3:43  Zergling x2  
  48  3:51  Overlord, Zergling x2  
  48  3:53  Zergling x4  
  51  3:55  Drone  
  51  3:56  Drone  
  53  4:04  Overlord, Drone x2  
  55  4:19  Overlord, Lair  
  55  4:20  Drone x5  
  55  4:24  Drone, Extractor  
  61  4:25  Baneling Nest, Extractor  
  61  4:26  Drone  
  59  4:34  Zergling x4  
  59  4:35  Zergling x2  
  59  4:38  Zergling x2  
  63  4:42  Drone  
  63  4:43  Drone x2  
  66  4:45  Zergling x2  
  66  4:55  Overlord, Drone x6  
  66  4:58  Drone  
  71  5:05  Drone  
  72  5:08  Drone  
  72  5:10  Drone  
  72  5:12  Evolution Chamber  
  72  5:13  Evolution Chamber, Drone  
  72  5:14  Overlord, Spore Crawler, Drone  
  74  5:15  Drone  
  73  5:24  Overlord  
  73  5:32  Drone  
  73  5:34  Overlord, Drone, Centrifical Hooks  
  75  5:36  Overlord  
  75  5:37  Hydralisk Den  
  75  5:39  Overlord  
  75  5:41  Overlord  
  74  5:45  Overlord, Drone x4  
  74  5:48  Zerg Ground Armor Level 1, Zerg Melee Weapons Level 1  
  74  5:49  Drone  
  79  5:51  Extractor  
  79  5:52  Extractor  
  79  5:53  Overlord  
  79  5:54  Drone  
  79  5:55  Drone  
  79  6:03  Overlord  
  79  6:05  Drone x2  
  79  6:07  Overlord  
  79  6:09  Grooved Spines  
  79  6:11  Overlord  
  81  6:13  Drone  
  81  6:18  Drone  
  83  6:19  Drone  
  83  6:25  Zergling x12  
  90  6:28  Hatchery, Zergling x4  
  90  6:30  Zergling x2  
  92  6:35  Zergling x2  
  93  6:43  Zergling x2  
  93  6:44  Hatchery, Zergling x2  
  93  6:45  Baneling x6  
  94  6:47  Zergling x6  
  94  6:51  Baneling x3, Zergling x6  
  100  7:02  Spore Crawler x2, Drone  
  100  7:03  Zergling x2  
  100  7:04  Spore Crawler, Zergling x4  
  100  7:05  Zergling x6  
  104  7:08  Zergling x4  
  104  7:10  Zergling x2  
  101  7:23  Overlord  
  101  7:24  Drone x2  
  101  7:25  Drone x5  
  101  7:26  Muscular Augments  
  101  7:28  Drone x4  
  111  7:32  Baneling x2  
  111  7:33  Drone  
  111  7:34  Drone  
  113  7:42  Overlord  
  104  7:47  Overlord, Drone  
  104  7:50  Hydralisk  
  104  7:51  Hydralisk x2  
  106  7:53  Zerg Ground Armor Level 2, Zerg Melee Weapons Level 2  
  109  8:02  Hydralisk  
  111  8:11  Overlord  
  111  8:12  Zergling x24  
  120  8:15  Hydralisk  
  120  8:16  Zergling x2  
  123  8:20  Zergling x4  
  123  8:22  Pneumatized Carapace  
  123  8:23  Burrow  
  123  8:25  Baneling x4  
  122  8:27  Queen  
  122  8:28  Queen  
  124  8:35  Zergling x24  
  124  8:41  Baneling x3  
  136  8:43  Overlord  
  136  8:47  Overlord  
  136  8:48  Infestation Pit  
  136  8:54  Overlord  
  134  9:02  Zergling x2  
  133  9:03  Zergling x26  
  133  9:08  Baneling x4  
  143  9:11  Zergling x4  
  143  9:14  Overlord  
  143  9:15  Baneling x5  
  143  9:16  Zergling x4  
  147  9:17  Overlord  
  147  9:18  Zergling x2  
  147  9:21  Zergling x6  
  147  9:23  Zergling x2  
  152  9:25  Zergling x6  
  154  9:32  Hatchery  
  154  9:37  Zergling x26  
  166  9:38  Zergling x2  
  166  9:39  Zergling x2  
  166  9:40  Zergling x2  
  166  9:44  Hive  
  162  9:46  Zergling x4  
  162  9:47  Zergling x2  
  162  9:51  Zergling x4  
  163  9:57  Zergling x2  
  163  9:58  Zergling x4  
  163  9:59  Zergling x2  
  165  10:01  Baneling  
  165  10:02  Baneling x10, Zergling x4  
  167  10:08  Hydralisk  
  167  10:09  Hydralisk x4  
  177  10:14  Hydralisk  
  177  10:15  Hydralisk x5  
  177  10:19  Hydralisk x3  
  195  10:26  Baneling x3  
  193  10:35  Zergling x2  
  193  10:36  Zergling x6  
  193  10:37  Zergling x4  
  199  10:46  Baneling x4  
  199  10:56  Extractor, Adrenal Glands  
  199  10:57  Zerg Ground Armor Level 3, Ultralisk Cavern  
  126  11:12  Viper  
  126  11:16  Extractor  
  126  11:17  Extractor  
  126  11:18  Zergling x32  
  138  11:27  Zergling x2  
  138  11:28  Zergling x4  
  138  11:29  Evolution Chamber, Zergling x2  
  138  11:30  Zergling x4  
  138  11:31  Zergling x16  
  151  11:33  Zergling x4  
  151  11:34  Zergling x4  
  151  11:35  Zergling x4  
  157  11:40  Zergling x4  
  148  11:58  Zerg Melee Weapons Level 3  
  148  12:02  Ultralisk x2  
  148  12:07  Ultralisk x2  
  166  12:12  Zergling x32  
  166  12:13  Zergling x2  
  176  12:18  Drone  
  177  12:23  Chitinous Plating  
  177  12:25  Ultralisk x2  
  177  12:27  Drone x4  
  177  12:28  Drone  
  182  12:42  Baneling x7  
  182  12:46  Ultralisk  
  182  12:49  Hatchery  
  187  12:55  Baneling  
  184  13:09  Baneling x8  
  184  13:11  Baneling  
  182  13:13  Viper x2  
  182  13:16  Zergling x18  
  182  13:17  Zergling x4  
  182  13:19  Baneling x8  
  199  13:33  Zergling x2  
  197  13:45  Hatchery  
  192  13:54  Spire  
  192  13:55  Spire  
  186  13:58  Zergling x8  
  186  13:59  Zergling x4  
  192  14:13  Zergling x4  
  193  14:20  Hatchery  
  153  14:43  Zergling x2  
  144  14:48  Ultralisk x2, Zergling x2  
  144  14:49  Zergling x46  
  149  15:06  Zergling x10  
  130  15:16  Greater Spire, Zerg Flyer Weapons Level 1  
  127  15:27  Corruptor x6  
  111  15:29  Baneling x2  
  111  15:33  Drone x2  
  111  15:34  Drone x2  
  115  15:36  Drone  
  116  15:48  Corruptor x2  
  120  15:52  Drone x2  
  120  15:55  Viper  
  120  15:56  Viper  
  125  15:59  Viper  
  110  16:31  Brood Lord x4, Hatchery  
  117  16:40  Drone x7  
  117  16:44  Drone  
  125  16:57  Zergling x12  
  131  17:02  Baneling  
  131  17:03  Baneling x3  
Show
View Real Time Build Order
Export as new Build Order

SpeCial Terran - Winner!

Build Orders: Hellion Opening, Reaper Expand, Bio Tank, Mech 

Get SALT Encoding   

  12  0:00  SCV  
  13  0:12  SCV  
  14  0:17  Supply Depot  
  14  0:25  SCV  
  15  0:39  SCV  
  15  0:41  Barracks  
  16  0:43  Refinery  
  16  0:51  SCV  
  17  1:03  SCV  
  18  1:15  SCV  
  19  1:29  Reaper  
  19  1:30  Orbital Command  
  20  1:40  Command Center  
  20  1:54  Supply Depot  
  20  1:55  SCV  
  20  2:01  Marine  
  22  2:05  Factory  
  22  2:08  SCV  
  23  2:14  Refinery  
  23  2:20  SCV  
  23  2:22  Barracks Reactor  
  24  2:32  SCV  
  25  2:44  SCV  
  26  2:53  Orbital Command  
  26  2:57  SCV  
  26  2:58  Starport  
  27  3:05  Hellion  
  29  3:06  Hellion  
  29  3:09  SCV  
  32  3:13  Barracks Tech Lab  
  32  3:20  SCV  
  32  3:21  SCV  
  32  3:26  Hellion, Supply Depot  
  36  3:27  Hellion  
  36  3:32  SCV  
  36  3:33  SCV  
  40  3:35  Viking  
  40  3:36  Marine  
  40  3:39  Stimpack  
  43  3:44  SCV  
  43  3:46  SCV  
  45  3:49  Supply Depot  
  45  3:54  Hellion x2  
  49  3:56  SCV  
  49  3:58  SCV  
  49  4:01  Marine  
  52  4:08  SCV  
  53  4:10  SCV  
  53  4:16  Command Center  
  54  4:20  SCV  
  54  4:22  SCV  
  56  4:32  SCV  
  56  4:34  SCV  
  56  4:37  Barracks, Factory Tech Lab  
  56  4:38  Starport Reactor  
  58  4:40  Marine  
  58  4:41  Barracks  
  58  4:44  SCV  
  59  4:46  SCV  
  59  4:51  Supply Depot  
  52  4:57  SCV  
  52  4:58  SCV  
  50  5:02  Engineering Bay, Marine  
  50  5:03  Engineering Bay  
  50  5:06  Siege Tank  
  54  5:07  Refinery  
  54  5:09  SCV  
  54  5:10  SCV  
  56  5:17  Refinery  
  56  5:20  Starport Reactor  
  56  5:21  SCV  
  57  5:22  SCV  
  57  5:24  Marine x2  
  57  5:26  Marine  
  47  5:28  Orbital Command  
  60  5:30  Terran Infantry Armor Level 1, Terran Infantry Weapons Level 1  
  60  5:33  SCV  
  60  5:35  SCV, Barracks  
  62  5:38  Barracks, Marine x2  
  62  5:42  Siege Tank  
  67  5:48  SCV x2  
  68  5:53  Marine x3  
  68  5:56  Marine  
  72  5:58  Orbital Command  
  72  6:00  SCV x2  
  72  6:02  Supply Depot  
  72  6:04  Medivac x2, Marine  
  76  6:11  Marine x3  
  79  6:12  SCV x2  
  79  6:14  Marine  
  79  6:18  Supply Depot  
  85  6:23  Combat Shields  
  85  6:24  SCV x2, Barracks Reactor, Marine  
  85  6:25  Barracks Reactor  
  88  6:27  SCV  
  88  6:32  Siege Tank  
  92  6:36  SCV  
  92  6:39  SCV x2, Marine x2  
  97  6:40  Medivac x2  
  101  6:53  Refinery, Supply Depot  
  101  6:55  Armory  
  101  6:57  Supply Depot  
  101  6:58  Supply Depot  
  101  6:59  SCV x2, Marine x5  
  108  7:01  Marine  
  109  7:14  SCV x3, Marine x3  
  115  7:16  Marine x2  
  115  7:19  Siege Tank, Marine x2  
  118  7:26  SCV, Marine x2  
  118  7:28  SCV x2  
  122  7:31  Factory x2  
  122  7:32  Refinery, Marine x3  
  122  7:34  Marine x2  
  122  7:37  Marine  
  127  7:42  Marine  
  123  7:45  Marine  
  123  7:46  Marine  
  123  7:50  Medivac x2, Marine x3  
  129  7:54  Terran Infantry Weapons Level 2, SCV x2  
  129  7:58  Terran Infantry Armor Level 2  
  131  8:03  Supply Depot, Marine x2  
  133  8:09  Supply Depot x2  
  133  8:12  Marine  
  133  8:13  Marine x3  
  133  8:15  Marine  
  133  8:24  Marine x4  
  133  8:26  Factory Tech Lab x2  
  137  8:30  Marine x2  
  137  8:32  Marine x2  
  137  8:33  Marine  
  142  8:35  Terran Vehicle Weapons Level 1, Supply Depot  
  142  8:40  Siege Tank  
  145  8:42  Marine x2  
  145  8:43  Supply Depot  
  145  8:45  Supply Depot  
  145  8:46  Marine x2  
  145  8:48  Marine x2  
  151  8:59  Command Center  
  151  9:02  Siege Tank x2, Marine x3  
  157  9:04  Marine  
  157  9:09  Medivac x2, Supply Depot  
  165  9:10  Marine, Supply Depot  
  165  9:11  Marine  
  167  9:19  Marine  
  168  9:27  Siege Tank  
  168  9:30  Marine  
  172  9:34  Siege Tank, Marine x2  
  172  9:36  Marine x2  
  179  9:38  Marine x2  
  179  9:39  Barracks x3  
  179  9:41  Marine x2  
  182  9:48  Marine  
  182  9:49  Siege Tank  
  182  9:52  Marine x2  
  186  9:54  Liberator, Marine x2  
  186  9:55  Liberator  
  186  9:56  Marine x2  
  192  10:00  Marine x2  
  192  10:05  Marine  
  195  10:10  Marine x2  
  193  10:14  Marine  
  193  10:15  Marine  
  195  10:28  Siege Tank  
  195  10:31  Terran Infantry Weapons Level 3, Terran Infantry Armor Level 3  
  197  10:38  Marine  
  197  10:40  Planetary Fortress  
  197  10:42  Liberator  
  197  10:43  Barracks Tech Lab x2  
  197  10:44  Barracks Tech Lab  
  197  10:46  Marine x3  
  199  11:02  Marauder  
  200  11:08  Marine x2  
  135  11:16  Marauder, Marine  
  135  11:17  Marauder, Marine x2  
  126  11:18  Siege Tank  
  126  11:19  Marine  
  126  11:20  Marine x2  
  126  11:24  Marauder, Marine  
  130  11:26  Marine x2  
  132  11:34  Siege Tank x2, Marine x2  
  132  11:35  Marine  
  132  11:37  Marine x2  
  132  11:38  Medivac, Marauder x2, Marine  
  149  11:42  Medivac, Marine  
  150  11:48  SCV  
  150  11:49  SCV x2  
  147  11:56  Siege Tank  
  147  12:01  SCV  
  151  12:02  SCV x2  
  151  12:06  Siege Tank x2, Marine x2  
  151  12:07  Marauder  
  151  12:08  Medivac  
  163  12:12  Medivac  
  167  12:16  Marauder, Marine x2  
  163  12:25  Ghost Academy  
  163  12:28  SCV x2  
  165  12:35  Refinery  
  165  12:36  SCV  
  166  12:38  Medivac  
  166  12:39  Sensor Tower, Marauder, Marine x6  
  166  12:40  SCV, Marine x2  
  166  12:42  Medivac  
  181  12:56  Ghost  
  181  12:57  Ghost x2  
  187  13:00  Ghost  
  189  13:07  Siege Tank  
  189  13:08  Medivac  
  189  13:12  Medivac  
  191  13:24  Refinery, Marine x4  
  191  13:25  Ghost x2  
  199  13:31  Personal Cloaking, Supply Depot  
  199  13:38  Command Center  
  194  13:55  Command Center  
  194  13:56  Terran Vehicle Weapons Level 2  
  194  13:59  Ghost  
  194  14:01  Ghost x2  
  200  14:06  Command Center  
  197  14:19  Ghost, Marine x2  
  197  14:23  Siege Tank x2  
  199  14:27  Marine  
  199  14:28  Marine x2  
  171  14:42  Siege Tank  
  171  14:44  Marauder, Marine x3  
  150  14:55  Siege Tank, Marine  
  150  14:56  Marauder  
  142  15:02  Siege Tank  
  142  15:06  Marine  
  142  15:07  Marauder, Marine  
  137  15:08  Marine  
  137  15:09  Marauder x2, Marine  
  137  15:11  Marine  
  137  15:12  Marine  
  137  15:13  Medivac x2  
  141  15:17  Marauder  
  141  15:19  Siege Tank  
  146  15:23  Marine x2  
  146  15:26  Liberator x2  
  146  15:28  SCV x3, Marauder  
  145  15:34  Planetary Fortress  
  145  15:35  Marine  
  145  15:36  Marauder  
  145  15:38  Ghost  
  145  15:39  Marine  
  145  15:41  Marine  
  155  15:47  Siege Tank  
  155  15:49  Orbital Command  
  161  15:50  Marine x2  
  161  15:51  Marauder  
  161  15:52  Marine x2  
  161  15:53  Marine  
  161  15:54  Marine  
  161  15:55  Marine  
  161  15:56  Marine  
  171  16:02  Missile Turret  
  171  16:09  Liberator x2  
  167  16:13  Marauder  
  167  16:14  Marine  
  167  16:15  Marine x4  
  174  16:20  Marauder, Marine  
  174  16:24  Siege Tank  
  170  16:26  Marine  
  170  16:27  Marauder, Marine x2  
  170  16:32  Marine x2  
  172  16:33  Marine x3  
  172  16:34  Marauder  
  172  16:38  Marine  
  172  16:39  Orbital Command  
  180  16:42  Marauder  
  180  16:44  Marine x2  
  180  16:45  Marauder  
  186  16:48  Marauder  
  186  16:50  Marine x2  
  186  16:54  Marine x3  
  193  16:55  Marine  
  193  16:56  Marine  
  198  17:02  Command Center  

Tags
 
Add a new tag
Caveats
  • Supply blocks, unpowered buildings, or Contaminate may cause inaccurate times.
  • Supply counts are checked every 10 seconds.